 Dungeon Crawl Stone Soup version 0.26-a0-611-g354ed81502 (webtiles) character file.

Game seed: 18355368235964428117

71824 IcyTea the Severer (level 15, 0/151 HPs)
             Began as a Formicid Fighter on Sept 7, 2020.
             Was a High Priest of Hepliaklqana.
             Killed from afar by a thorn hunter (28 damage)
             ... with a volley of thorns
             ... on level 1 of the Swamp.
             The game lasted 01:48:25 (20843 turns).

IcyTea the Severer (Formicid Fighter)              Turns: 20843, Time: 01:48:26

Health: 0/151      AC: 31    Str: 21    XL:     15   Next: 83%
Magic:  22/22      EV:  2    Int: 12    God:    Hepliaklqana [*****.]
Gold:   1210       SH: 19    Dex: 18    Spells: 12/24 levels left

rFire    + + .     SeeInvis .   a - +8 broad axe of Famine {speed, rPois}
rCold    + + .     Faith    .   n - +2 shield of Resistance {rF++ rC++ MR++}
rNeg     + + +     Spirit   .   (armour currently unavailable)
rPois    +         Reflect  +   (helmet unavailable)
rElec    .         Harm     .   (cloak currently unavailable)
rCorr    .                      (gloves currently unavailable)
MR       +++..                  (boots currently unavailable)
Stlth    ++........             q - amulet of reflection
HPRegen  0.35/turn              I - +6 ring of dexterity
MPRegen  0.18/turn              o - +4 ring of protection

@: tree-form
A: permanent stasis, dig shafts and tunnels, four strong arms, reduced essence
a: Recall Ancestor, Ancestor Identity, Transference, Idealise, Renounce Religion


You were on level 1 of the Swamp.
You worshipped Hepliaklqana.
Hepliaklqana was extremely pleased with you.
You were a tree.
You visited 4 branches of the dungeon, and saw 21 of its levels.
You also visited: Bailey, Gauntlet and Volcano.

You collected 2248 gold pieces.
You spent 1038 gold pieces at shops.

Inventory:

Hand Weapons
 a - the +8 broad axe of Famine (weapon) {speed, rPois}
   (You found it on level 6 of the Lair of Beasts)

   Attacks with this weapon are significantly faster.
   It protects you from poison.
 b - a +2 battleaxe of flaming
 c - a +3 battleaxe
 D - the +5 trident "Killer Klown's Curse" {pain, rC+ Int+3}
   (You found it on level 4 of the Dungeon)

   In the hands of one skilled in necromantic magic, it inflicts extra damage on
   living creatures.
   It affects your intelligence (+3).
   It protects you from cold.
Missiles
 h - 2 throwing nets
 j - 33 javelins (quivered)
 x - 114 poisoned darts
Armour
 e - a +1 cloak (melded)
 n - the +2 shield of Resistance (worn) {rF++ rC++ MR++}
   (You bought it in a shop on level 6 of the Dungeon)

   It greatly protects you from fire.
   It greatly protects you from cold.
   It affects your resistance to hostile enchantments.
 t - +0 fire dragon scales (melded)
 z - +0 swamp dragon scales
 S - the cursed +0 pair of gloves of Surprise (melded) {rElec SInv Stlth+}
   (You found it in a Gauntlet)

   It insulates you from electricity.
   It lets you see invisible.
   It makes you more stealthy.
   It has a curse placed upon it.
 Y - a +5 scale mail of poison resistance
Jewellery
 g - an uncursed ring of protection from magic
 o - a +4 ring of protection (right branch)
 q - an amulet of reflection (around neck)
 C - an uncursed ring of protection from fire
 F - an uncursed ring of ice
 I - a +6 ring of dexterity (left branch)
Wands
 u - a wand of iceblast (4)
 y - a wand of acid (26)
 G - a wand of digging (32)
 N - a wand of paralysis (14)
 T - a wand of flame (26)
Scrolls
 k - a scroll of holy word
 p - 3 scrolls of random uselessness {unknown}
 r - 11 scrolls of remove curse
 w - a scroll of acquirement {unknown}
 A - a scroll of fog
 B - a scroll of vulnerability {unknown}
 E - a scroll of immolation
 P - 3 scrolls of fear
 V - 5 scrolls of magic mapping
Potions
 d - 3 potions of might
 i - 4 potions of curing
 l - 5 potions of lignification
 m - a potion of stabbing
 s - a potion of magic
 v - a potion of invisibility
 J - a potion of cancellation
 M - 2 potions of resistance
 O - 3 potions of brilliance
 Q - 6 potions of flight
Miscellaneous
 f - a tin of tremorstones (3/3)


   Skills:
 - Level 9.2 Fighting
 + Level 16.2(16.7) Axes
 - Level 8.0(13.1) Polearms
 - Level 13.0 Armour
 - Level 9.0 Shields
 - Level 5.1 Spellcasting
 - Level 9.0 Necromancy
 - Level 7.2 Invocations


You had 12 spell levels left.
You knew the following spells:

 Your Spells              Type           Power        Failure   Level
a - Animate Dead          Necr           ###.......   4%          4
b - Agony                 Necr           ###.....     14%         5
c - Vampiric Draining     Necr           ###.......   1%          3

Your spell library contained the following spells:

 Spells                   Type           Power        Failure   Level
 Animate Skeleton         Necr           ###...       1%          1
 Pain                     Necr           ###.         1%          1
 Foxfire                  Conj/Fire      #...         21%         1
 Magic Dart               Conj           #...         21%         1
 Shock                    Conj/Air       #...         21%         1
 Sting                    Tmut/Pois      #...         21%         1
 Poisonous Vapours        Pois/Air       #.....       30%         2
 Searing Ray              Conj           #.....       30%         2
 Dazzling Flash           Conj/Hex       #.....       52%         3
 Gell's Gravitas          Tloc           #.........   52%         3
 Ignite Poison            Fire/Tmut/Pois #.......     52%         3
 Mephitic Cloud           Conj/Pois/Air  #.......     52%         3
 Portal Projectile        Hex/Tloc       #.....       52%         3
 Static Discharge         Conj/Air       #.......     52%         3
 Airstrike                Air            #.........   89%         4
 Cause Fear               Hex            #.........   89%         4
 Fulminant Prism          Conj/Hex       #.........   89%         4
 Iskenderun's Mystic Bla  Conj/Tloc      #.......     89%         4
 Leda's Liquefaction      Hex/Erth       #.........   89%         4
 Olgreb's Toxic Radiance  Pois           #.......     89%         4
 Bolt of Magma            Conj/Fire/Erth #.........   99%         5
 Lightning Bolt           Conj/Air       #.........   99%         5
 Silence                  Hex/Air        #.........   99%         5
 Yara's Violent Unravell  Hex/Tmut       #.........   99%         5
 Conjure Ball Lightning   Conj/Air       #.........   100%        6
 Dispersal                Tloc           #.........   100%        6
 Iron Shot                Conj/Erth      #.........   100%        6
 Statue Form              Tmut/Erth      #........    100%        6
 Discord                  Hex            #.........   100%        8
 Disjunction              Tloc           #.........   100%        8
 Ignition                 Fire           #.........   100%        8
 Shatter                  Erth           #.........   100%        9
 Swiftness                Air            Unusable     N/A         2

Dungeon Overview and Level Annotations

Branches:
Dungeon (13/15)            Temple (1/1) D:4            Lair (6/6) D:9
  Swamp (1/4) Lair:4       Spider (0/4) Lair:2        Slime (0/5) Lair:5
    Orc (0/2) D:11         Bailey (visited)         Volcano (visited)
Gauntlet (visited)
 Vaults: D:13-14

Altars:
Ashenzari
Cheibriados
Dithmenos
Elyvilon
Fedhas
Gozag
Hepliaklqana
Kikubaaqudgha
Makhleb
Nemelex Xobeh
Okawaru
Qazlal
Ru
Sif Muna
Trog
Uskayaw
Vehumet
Wu Jian
Xom
Yredelemnul
Zin
The Shining One
Jiyva

Shops:
D:6 }[*=

Annotations:
D:12 3 runed translucent doors, PirateVox's ghost, journeyman GnTm


Innate Abilities, Weirdness & Mutations

You cannot be hasted, slowed, berserked, paralysed or teleported.
You can dig through walls and to a lower floor.
Your four strong arms can wield two-handed weapons with a shield.
((You have a pair of large antennae on your head. (SInv)))
Your life essence is reduced to manifest your ancestor. (-10% HP)


Message History

You completely miss the thorn hunter.
The thorn hunter is moderately damaged.
The thorn hunter hits you but does no damage.
The thorn hunter hits you.
Huemac closely misses the thorn hunter.
Your unstable footing causes you to fumble your attack.
Your unstable footing causes you to fumble your attack.
The thorn hunter fires a volley of thorns at you.
The volley of thorns hits you!!
* * * LOW HITPOINT WARNING * * *
The briar patch crumbles away.
Huemac hits the thorn hunter with a +0 quarterstaff!!
Really quaff the potion of lignification?
You turn into a tree.
Your +1 cloak melds into your body.
The cursed +0 pair of gloves of Surprise {rElec SInv Stlth+} melds into your body.
Your +0 fire dragon scales melds into your body.
Your roots penetrate the ground.
Huemac hits the thorn hunter but does no damage.
The thorn hunter fires a volley of thorns at you.
The volley of thorns hits you!!
You die...

≈...♣≈≈.≈≈.♣♣♣ ♣♣♣
≈Z♣.....≈≈....♣ ♣♣♣≈≈♣
≈.≈≈≈.≈.≈≈§.≈≈≈♣♣
♣♣....♣
≈...≈≈≈.§...≈≈..♣♣♣....♣
≈..≈≈.≈≈≈...≈≈.§.$.!.≈♣
.§.Z...≈≈≈♣≈≈≈≈≈≈≈≈≈.♣
.≈≈≈≈≈≈.≈.≈≈≈≈≈≈≈≈≈..♣
≈≈≈...≈..≈>≈≈≈≈≈≈R..♣♣
≈≈≈.≈≈≈♣≈..≈≈♣..♣f♣.P♣
≈.≈.†≈≈≈.♣.....♣♣≈♣♣≈♣
≈≈♣≈.≈≈....≈≈.♣♣♣.≈♣f≈♣
≈≈≈≈.≈..≈≈≈§≈≈♣ ♣♣P♣...♣
≈♣...≈.≈≈.≈..♣♣ P♣.≈..♣
..♣≈§[.≈≈.≈.♣♣ .≈≈≈≈≈≈♣
....≈≈≈≈≈≈.♣♣ ♣.♣≈..♣.♣
.....≈≈♣≈≈.♣ .≈.♣♣♣..
#'##..≈≈...♣♣


You could see the friendly Huemac the battlemage and a thorn hunter.

Vanquished Creatures
  A minotaur (Gauntlet)
  2 fire dragons
  The ghost of Uxoog the Grappler, a journeyman VSWn of Ashenzari (Lair:5)
  3 hydras
  A ghost crab (Swamp:1)
  2 catoblepae
  5 death yaks
  A two-headed ogre (D:12)
  2 alligators (Swamp:1)
  A hell hog (Volcano)
  2 spriggans (Swamp:1)
  2 swamp dragons (Swamp:1)
  3 orc knights
  2 deep elf magi (D:12)
  A phantasmal warrior (D:12)
  A cyclops (D:11)
  2 manticores (Lair:6)
  2 elephants (Lair:6)
  3 black mambas
  A torpor snail (Lair:6)
  13 cane toads
  2 minotaur zombies (Gauntlet)
  4 komodo dragons
  4 rime drakes
  An ice devil (Gauntlet)
  2 tyrant leeches (Lair:4)
  A queen bee (Gauntlet)
  7 blink frogs
  A polar bear (Lair:6)
  6 hornets
  2 dream sheep (Lair:4)
  A hippogriff (shapeshifter) (D:12)
  8 hippogriffs
  37 yaks
  A meliai zombie (D:12)
  A wyvern (D:11)
  A shadow (Swamp:1)
  3 fire elementals (Gauntlet)
  2 basilisks
  7 fire bats (Volcano)
  Grum (Lair:1)
  A steam dragon (Volcano)
  2 vampire mosquitoes (Swamp:1)
  11 water moccasins
  Edmund (D:4)
  4 insubstantial wisps (Swamp:1)
  6 swamp worms
  2 acid dragons (Lair:6)
  10 porcupines
  3 swamp drakes
  3 ice beasts
  13 orc warriors
  A black bear (Lair:1)
  A hornet zombie (D:12)
  12 wolves
  5 ogres
  A centaur (D:6)
  12 crocodiles
  A big kobold (D:10)
  6 bullfrogs
  Blork the orc (D:5)
  A scorpion (D:7)
  9 killer bees
  2 howler monkeys
  13 wights
  A bullfrog zombie (D:12)
  A centaur zombie (D:5)
  Crazy Yiuf (D:6)
  4 orc priests
  5 hounds
  7 orc wizards
  A bullfrog skeleton (D:11)
  3 centaur skeletons
  Jessica (D:2)
  5 iguanas
  6 worker ants
  2 hound skeletons
  An ancestor (D:4)
  A howler monkey skeleton (D:4)
  6 adders
  8 gnolls
  2 shadow imps (D:10)
  5 white imps
  2 ufetubi
  An ooze (D:3)
  An adder skeleton (D:5)
  4 worms (D:2)
  3 dart slugs
  7 leopard geckos
  30 orcs
  6 bats
  6 giant cockroaches
  13 goblins
  6 hobgoblins
  13 jackals
  3 quokkas
  A ball python (D:2)
  2 frilled lizards
  A jackal zombie (D:7)
  25 kobolds
  8 rats
456 creatures vanquished.

Vanquished Creatures (collateral kills)
  Fannar (D:11)
  A hydra (Lair:6)
  A shambling mangrove (Swamp:1)
  2 alligators (Swamp:1)
  4 death yaks (Lair:2)
  An unseen horror (D:8)
  A swamp dragon (Lair:6)
  A phantasmal warrior (D:12)
  An orc knight (Bailey)
  A manticore (D:11)
  A cyclops (D:12)
  2 black mambas
  3 torpor snails
  2 cane toads
  2 rime drakes
  2 komodo dragons
  An efreet (Gauntlet)
  A hornet (Swamp:1)
  A tyrant leech (Swamp:1)
  10 blink frogs
  Prince Ribbit (D:8)
  2 hippogriffs
  6 dream sheep
  2 wyverns
  7 yaks
  A spriggan (Swamp:1)
  2 vampire mosquitoes (Swamp:1)
  A swamp worm (Swamp:1)
  An acid dragon (D:12)
  2 water moccasins
  3 hell hounds
  A porcupine (Lair:1)
  7 orc warriors
  A black bear (D:8)
  A necrophage (D:11)
  4 phantoms
  2 ogres
  2 crocodiles (Lair:6)
  3 wolves
  A big kobold (D:10)
  13 bullfrogs
  A scorpion (D:9)
  3 killer bees (D:9)
  9 wights
  2 howler monkeys
  A centaur zombie (D:9)
  5 hounds
  2 bullfrog skeletons
  An orc priest (D:12)
  A centaur skeleton (D:12)
  3 iguanas
  3 orc wizards
  A hound zombie (D:6)
  A howler monkey zombie (D:7)
  3 gnolls (D:5)
  2 adders (D:8)
  A white imp (D:8)
  An ooze (D:4)
  A leopard gecko (D:8)
  9 orcs
  A jackal (D:6)
  5 kobolds
  A quokka (D:9)
159 creatures vanquished.

Vanquished Creatures (others)
  15 battlemagi
  2 ancestors
  2 orcs (D:4)
  A briar patch (Swamp:1)
  38 demonic plants (Gauntlet)
  25 fungi
  47 plants
130 creatures vanquished.

Grand Total: 745 creatures vanquished

Notes
Turn   | Place    | Note
-------+----------+-------------------------------------------
     0 | D:1      | IcyTea the Formicid Fighter began the quest for the Orb.
     0 | D:1      | Reached XP level 1. HP: 18/18 MP: 1/1
   155 | D:1      | Reached XP level 2. HP: 21/24 MP: 2/2
   291 | D:1      | Reached skill level 3 in Axes
   749 | D:2      | Reached XP level 3. HP: 29/29 MP: 3/3
   981 | D:2      | Reached skill level 4 in Axes
   981 | D:2      | Reached XP level 4. HP: 27/35 MP: 4/4
  1429 | D:2      | Found a basalt altar of Yredelemnul.
  1574 | D:2      | Noticed Jessica
  1585 | D:2      | Killed Jessica
  1585 | D:2      | Reached skill level 5 in Axes
  1585 | D:2      | Reached XP level 5. HP: 41/41 MP: 5/5
  1888 | D:3      | Found a white marble altar of Elyvilon.
  1994 | D:3      | Noticed a +0 dagger
  1995 | D:3      | Found a hide-covered altar of Uskayaw.
  1995 | D:3      | Noticed a +0 hand axe
  2302 | D:3      | Found a shimmering blue altar of Sif Muna.
  2471 | D:4      | Reached XP level 6. HP: 42/47 MP: 6/6
  2473 | D:4      | Reached skill level 6 in Axes
  2550 | D:4      | Got a masterwork trident
  2568 | D:4      | Identified the +5 trident "Killer Klown's Curse" {pain, rC+
                  | Int+3} (You found it on level 4 of the Dungeon)
  2934 | D:4      | Found a staircase to the Ecumenical Temple.
  2940 | Temple   | Entered the Ecumenical Temple
  3053 | Temple   | Became a worshipper of Hepliaklqana the Forgotten
  3175 | D:4      | Noticed a phantom
  3176 | D:4      | Found a sparkling altar of Nemelex Xobeh.
  3196 | D:4      | Killed a phantom
  3196 | D:4      | Reached skill level 7 in Axes
  3196 | D:4      | Reached XP level 7. HP: 41/46 MP: 7/7
  3362 | D:5      | Entered Level 5 of the Dungeon
  3444 | D:5      | Noticed Blork the orc
  3450 | D:5      | Killed Blork the orc
  3550 | D:5      | Noticed Edmund
  3571 | D:4      | Killed Edmund
  3571 | D:4      | Reached skill level 8 in Axes
  3589 | D:5      | Reached XP level 8. HP: 48/52 MP: 8/8
  4077 | D:6      | Found Qaqurauv's Jewellery Shop.
  4120 | D:6      | Reached skill level 1 in Polearms
  4165 | D:6      | Reached * piety under Hepliaklqana
  4255 | D:6      | Found Qoamec's Antique Armour Boutique.
  4261 | D:6      | Got a bloodstained scale mail
  4327 | D:6      | Found Bonami's Assorted Antiques.
  4591 | D:6      | Found a runed translucent door.
  4592 | D:6      | Noticed Crazy Yiuf
  4600 | D:6      | Killed Crazy Yiuf
  4640 | D:6      | Found Ulylufon's Gadget Shop.
  4849 | D:7      | Reached skill level 5 in Polearms
  4985 | D:7      | Reached XP level 9. HP: 56/57 MP: 9/9
  5149 | D:7      | Noticed a hippogriff
  5157 | D:7      | Reached skill level 5 in Shields
  5168 | D:7      | Killed a hippogriff
  5187 | D:7      | Learned a level 4 spell: Animate Dead
  5244 | D:7      | Reached ** piety under Hepliaklqana
  5246 | D:7      | Remembered your ancestor Huemac as a battlemage
  5625 | D:8      | Noticed a hornet
  5643 | D:8      | Reached XP level 10. HP: 53/63 MP: 10/10
  5790 | D:8      | Reached skill level 5 in Armour
  5859 | D:8      | Found a glowing golden altar of the Shining One.
  5941 | D:8      | Noticed Prince Ribbit
  5949 | D:8      | Killed Prince Ribbit
  5986 | D:8      | Found a shadowy altar of Dithmenos.
  6024 | D:8      | Noticed an unseen horror
  6032 | D:8      | Killed an unseen horror
  6117 | D:8      | Reached skill level 5 in Necromancy
  6164 | D:9      | Reached skill level 1 in Spellcasting
  6926 | D:9      | Reached XP level 11. HP: 61/67 MP: 15/15
  7102 | D:9      | Found a staircase to the Lair.
  7130 | D:10     | Entered Level 10 of the Dungeon
  7130 | D:10     | Reached *** piety under Hepliaklqana
  7153 | D:10     | Reached skill level 5 in Fighting
  7308 | D:10     | You fall into a shaft and drop 2 floors!
  7308 | D:12     | Found a flagged portal.
  7343 | Bailey   | Entered a bailey
  7652 | Bailey   | Noticed an orc knight
  7680 | Bailey   | Noticed an orc knight
  7755 | Bailey   | Killed an orc knight
  7813 | Bailey   | Killed an orc knight
  7858 | Bailey   | Noticed an orc knight
  7885 | Bailey   | Killed an orc knight
  8009 | Bailey   | Identified the cursed +1 scale mail of Riorch {+Blink rF+}
                  | (You found it on level 6 of the Dungeon)
  8060 | D:12     | Noticed a deep elf mage
  8069 | D:12     | Killed a deep elf mage
  8180 | D:12     | Noticed an orb spider
  8195 | D:12     | an orb spider changed into a hippogriff
  8202 | D:12     | Reached skill level 9 in Axes
  8271 | D:12     | Noticed a cyclops
  8281 | D:12     | Killed a cyclops
  8283 | D:12     | Noticed a deep elf mage
  8316 | D:12     | Killed a deep elf mage
  8316 | D:12     | Reached XP level 12. HP: 63/85 MP: 16/16
  8428 | D:12     | Noticed a two-headed ogre
  8441 | D:12     | Killed a two-headed ogre
  8822 | D:10     | Found a shadowy altar of Dithmenos.
  9074 | D:10     | Reached **** piety under Hepliaklqana
  9637 | D:11     | Found a staircase to the Orcish Mines.
  9960 | D:6      | Bought the +2 shield of Resistance {rF++ rC++ MR++} for
                  | 1038 gold pieces
  9960 | D:6      | Found the +2 shield of Resistance {rF++ rC++ MR++}
 10277 | D:11     | Noticed Fannar
 10292 | D:11     | Killed Fannar
 10292 | D:11     | Reached skill level 10 in Armour
 10600 | D:12     | Found a runed translucent gate.
 10600 | D:12     | Found a runed translucent gate.
 10600 | D:12     | Found a runed translucent gate.
 10601 | D:12     | Noticed PirateVox's ghost (journeyman GnTm)
 10603 | D:12     | Noticed a ten-headed hydra
 10831 | D:13     | Noticed a death knight
 11153 | Lair:1   | Entered Level 1 of the Lair of Beasts
 11153 | Lair:1   | Noticed Grum
 11162 | Lair:1   | Killed Grum
 11177 | Lair:1   | Reached XP level 13. HP: 20/90 MP: 17/17
 11389 | Lair:1   | Found a dark tunnel.
 11460 | Volcano  | Entered a volcano
 11480 | Volcano  | Noticed a fire dragon
 11494 | Volcano  | Killed a fire dragon
 11635 | Volcano  | Reached skill level 5 in Invocations
 11814 | Volcano  | Reached skill level 10 in Axes
 12437 | Lair:2   | Noticed a six-headed hydra
 12471 | Lair:2   | Killed a one-headed hydra
 12471 | Lair:2   | Reached skill level 11 in Axes
 13095 | Lair:2   | Reached skill level 12 in Axes
 13531 | Lair:2   | Found a hole to the Spider Nest.
 13558 | Lair:2   | Got a crude leather armour
 13559 | Lair:2   | Identified the +1 leather armour "Ethryek" {rElec MR- SInv}
                  | (You found it on level 2 of the Lair of Beasts)
 14395 | Lair:3   | Reached XP level 14. HP: 96/97 MP: 19/19
 14604 | Lair:3   | Reached ***** piety under Hepliaklqana
 15287 | Lair:4   | Found a staircase to the Swamp.
 15495 | Lair:4   | Reached skill level 13 in Axes
 16326 | Lair:5   | Found a sacrificial altar of Ru.
 16426 | Lair:5   | Found a viscous altar of Jiyva.
 16427 | Lair:5   | Found a staircase to the Slime Pits.
 16463 | Lair:5   | Reached skill level 5 in Spellcasting
 16499 | Lair:5   | Found a large runed translucent door.
 16544 | Lair:5   | Found a large runed translucent door.
 16833 | Lair:5   | Noticed Uxoog's ghost (journeyman VSWn)
 16862 | Lair:5   | Killed Uxoog's ghost
 17604 | Lair:6   | Entered Level 6 of the Lair of Beasts
 17661 | Lair:6   | Found a gate leading to a gauntlet.
 17798 | Lair:6   | Reached XP level 15. HP: 48/101 MP: 19/22
 17837 | Lair:6   | HP: 1/101 [black mamba (44)]
 18003 | Lair:6   | Reached skill level 14 in Axes
 18037 | Lair:6   | Got an ancient broad axe
 18107 | Lair:6   | Identified the +8 broad axe of Famine {speed, rPois} (You
                  | found it on level 6 of the Lair of Beasts)
 18175 | Gauntlet | Entered a Gauntlet
 18175 | Gauntlet | Found a transporter.
 18354 | Gauntlet | Found a transporter.
 18366 | Gauntlet | Found a transporter.
 18371 | Gauntlet | Found a transporter.
 18386 | Gauntlet | Found a transporter.
 18405 | Gauntlet | Found a transporter.
 18417 | Gauntlet | Found a transporter.
 18422 | Gauntlet | Found a transporter.
 18438 | Gauntlet | Found the +4 Cigotuvi's embrace {rRot *Drain rN+}
 18439 | Gauntlet | Found a transporter.
 18451 | Gauntlet | Found a transporter.
 18463 | Gauntlet | Found a transporter.
 18480 | Gauntlet | Found a transporter.
 18498 | Gauntlet | Found a transporter.
 18500 | Gauntlet | Found a transporter.
 18532 | Gauntlet | Found a transporter.
 18532 | Gauntlet | Found a transporter.
 18534 | Gauntlet | Found a transporter.
 18574 | Gauntlet | Found a transporter.
 18676 | Gauntlet | Got a masterwork mace
 18677 | Gauntlet | Identified the +3 mace "Kieni" {freeze, Fragile rC+ Str+5}
                  | (You found it in a Gauntlet)
 18726 | Gauntlet | Got a pair of heavily runed gloves
 18732 | Gauntlet | Identified the cursed +0 pair of gloves of Surprise {rElec
                  | SInv Stlth+} (You found it in a Gauntlet)
 19029 | Gauntlet | Identified the Incunabulum of Flamy Feathers
 19038 | Gauntlet | Learned a level 5 spell: Agony
 19042 | Gauntlet | Learned a level 3 spell: Vampiric Draining
 19654 | Lair:6   | Reached skill level 15 in Axes
 20023 | Swamp:1  | Entered Level 1 of the Swamp
 20668 | Swamp:1  | Reached skill level 16 in Axes
 20828 | Swamp:1  | Noticed a thorn hunter
 20843 | Swamp:1  | Killed from afar by a thorn hunter

Illustrated notes

Levels and vault maps discovered:
D:1:      dpeg_arrival_pits, layout_loops_ring
D:2:      layout_loops_ring, lemuel_crystal_altar, uniq_jessica
D:3:      layout_basic, elyvilon_altar_5, dancing_weapons_uskayaw,
          roderic_roman_lattice, led_sif_book
D:4:      layout_loops_cross, nemelex_xobeh_ov_fountains_minmay,
          minmay_temple_entry_hall, kennysheep_generic_room_13
D:5:      layout_basic, uniq_edmund, uniq_blork_the_orc
D:6:      layout_basic, serial_shops, kennysheep_mini,
          nicolae_shop_temple_entry_statues_fountains,
          nicolae_shop_window_shopping, shop, minmay_fountain_box,
          uniq_crazy_yiuf_cottage
D:7:      layout_rooms, glass_columns_a, minmay_checkerbox
D:8:      layout_rooms, lemuel_doored_altar, nicolae_overflow_hidden_temple,
          uniq_prince_ribbit1
D:9:      layout_cave_pools, grunt_lair_entry_orc_guard_hut
D:10:     minmay_goldmine, layout_loops_ring, grunt_dithmenos_shadows
D:11:     layout_roguey, orc_david_3, uniq_fannar
D:12:     layout_rooms, enter_bailey_3, gammafunk_ghost_hydra_chop
D:13:     layout_long_grid, erik_vaults_1, nicolae_gozag_seed_capital,
          uniq_sonja
Temple:   eino_temple_rhombus
Lair:1:   layout_hall_layers, enter_volcano_2, uniq_grum
Lair:2:   beast_lair_carwin_large_3, layout_small_grid, dummy_spider_entry,
          grunt_megastairs_3
Lair:3:   layout_chaotic_city
Lair:4:   layout_concentric_octagons, minmay_swamp_entry_worms
Lair:5:   layout_hall_layers, slime_altar_1, basic_altar,
          ebering_ghost_disaster_area
Lair:6:   hangedman_lair_in_review, layout_regular_city,
          guppyfry_lair_end_dragon, gauntlet_entry_generic, lemuel_fruit_tree
Swamp:1:  layout_falls_marsh, serial_swamp_ruin, hangedman_swamp_ruin_wall,
          evilmike_swamp_ruin_house_3, evilmike_swamp_ruin_house_6, swamp_pool1,
          hangedman_swamp_lotus, nicolae_swamp_alligator_family,
          infiniplex_staircase_pool

Skill      XL: |  1  2  3  4  5  6  7  8  9 10 11 12 13 14 15 |
---------------+----------------------------------------------+-----
Axes           | 3 4 5 7 8 9 12 13 16 | 16.2
Polearms       | 5 7 8 |  8.0
Shields        | 9 |  9.0
Armour         | 7 8 11 13 | 13.0
Necromancy     | 5 8 9 |  9.0
Spellcasting   | 3 5 |  5.1
Fighting       | 9 |  9.2
Invocations    | 7 |  7.2

Action                   |  1- 3 |  4- 6 |  7- 9 | 10-12 | 13-15 || total
-------------------------+-------+-------+-------+-------+-------++-------
Melee: War axe           |   123 |   125 |       |       |       ||   248
       Trident           |       |    25 |   268 |   482 |   540 ||  1315
       Battleaxe         |       |       |       |    46 |    75 ||   121
       Broad axe         |       |       |       |       |   235 ||   235
Throw: Javelin           |       |     1 |     3 |     1 |     1 ||     6
 Cast: Animate Dead      |       |       |       |     1 |    11 ||    12
Invok: Ancestor Identity |       |     1 |       |       |       ||     1
       Ancestor Life: Ba |       |       |     1 |       |       ||     1
       Recall Ancestor   |       |       |       |     1 |       ||     1
       Idealise          |       |       |       |       |     3 ||     3
 Abil: Dig               |       |       |       |     3 |       ||     3
  Use: Scroll            |       |     4 |    13 |     8 |    12 ||    37
       Potion            |       |       |     2 |     8 |     7 ||    17
 Stab: Distracted        |       |       |     1 |     5 |     9 ||    15
       Petrified         |       |       |       |       |     1 ||     1
Armor: Scale mail        |    14 |       |       |       |    16 ||    30
       Plate armour      |    64 |    82 |   107 |    80 |       ||   333
       Chain mail        |       |       |       |    65 |   206 ||   271
       Skin              |       |       |       |     1 |    12 ||    13
       Fire dragon scale |       |       |       |       |    40 ||    40
Dodge: Dodged            |    28 |    26 |    38 |    66 |   129 ||   287
Block: Kite shield       |    71 |   100 |   227 |   418 |   695 ||  1511
       Reflection        |       |     2 |     6 |    47 |    12 ||    67

Table legend: (Time is in decaauts)
 A = Elapsed time spent in this place.
 B = Non-inter-level travel time spent in this place.
 C = Inter-level travel time spent in this place.
 D = Time resting spent in this place.
 E = Time spent auto-exploring this place.
 F = Levels seen in this place.
 G = Mean time per level.
                   A        B        C        D        E       F      G
               +--------+--------+--------+--------+--------+-----+--------+
         Total |  20651 |  20200 |    451 |   4899 |   6685 |  24 |  860.5 |
       Dungeon |  10399 |   9970 |    429 |   1498 |   4522 |  13 |  799.9 |
        Temple |    131 |    131 |      0 |      0 |      0 |   1 |  131.0 |
          Lair |   7457 |   7435 |     22 |   2304 |   2163 |   6 | 1242.8 |
         Swamp |    785 |    785 |      0 |    284 |      0 |   1 |  785.0 |
        Bailey |    652 |    652 |      0 |    300 |      0 |   1 |  652.0 |
       Volcano |    348 |    348 |      0 |    110 |      0 |   1 |  348.0 |
      Gauntlet |    875 |    875 |      0 |    403 |      0 |   1 |  875.0 |
               +--------+--------+--------+--------+--------+-----+--------+

Top non-repeatable levels by time:
  Lair:2: 1627 daAuts
  Lair:6: 1397 daAuts
  Lair:4: 1301 daAuts
  Lair:5: 1267 daAuts
    D:12: 1189 daAuts
    D:10: 1055 daAuts
  Lair:3: 1009 daAuts
     D:2: 1003 daAuts
     D:1: 953 daAuts
     D:6: 943 daAuts
    D:11: 943 daAuts
     D:8: 922 daAuts
Gauntlet: 875 daAuts
  Lair:1: 854 daAuts
     D:4: 806 daAuts
